 Dungeon Crawl Stone Soup version 0.22-a0-558-gc224181 (webtiles) character file.

35 Hebeh the Skirmisher (level 3, -1/33 HPs)
             Began as a Minotaur Fighter on June 27, 2018.
             Splashed by a jelly's acid (5 damage)
             ... on level 1 of the Dungeon.
             The game lasted 00:02:37 (993 turns).

Hebeh the Skirmisher (Minotaur Fighter)              Turns: 993, Time: 00:02:37

Health: -1/33      AC:  0    Str: 21    XL:     3   Next: 16%
Magic:  2/2        EV:  7    Int:  5    God:
Gold:   53         SH:  9    Dex:  9    Spells: 2/2 levels left

rFire    . . .     SeeInvis .   a - +0 war axe
rCold    . . .     Gourm    .   c - +0 shield
rNeg     . . .     Faith    .   b - +0 scale mail
rPois    .         Spirit   .   (helmet restricted)
rElec    .         Reflect  .   (no cloak)
rCorr    .         Harm     .   (no gloves)
MR       .....                  (no boots)
Stlth    ..........             (no amulet)
HPRegen  0.11/turn              (no ring)
MPRegen  0.08/turn              (no ring)

@: corroded
A: retaliatory headbutt, horns 2
a: no special abilities


You were on level 1 of the Dungeon.
You were not hungry.

You visited 1 branch of the dungeon, and saw 1 of its levels.

You collected 53 gold pieces.

Inventory:

Hand Weapons
 a - a +0 war axe (weapon)
Missiles
 l - 6 javelins (quivered)
Armour
 b - a +0 scale mail (worn)
 c - a +0 shield (worn)
Scrolls
 e - 2 scrolls of identify {unknown}
 g - a scroll of magic mapping {unknown}
 h - 3 scrolls of enchant weapon {unknown}
 i - a scroll of noise {unknown}
Potions
 d - a potion of might
 j - a potion of lignification {unknown}
 m - a potion of curing {unknown}
 n - a potion of haste {unknown}
Comestibles
 f - 2 rations


   Skills:
 + Level 4.0 Fighting
 * Level 3.3 Axes
 + Level 4.0 Armour
 + Level 4.0 Shields


You had 2 spell levels left.
You didn't know any spells.
Your spell library was empty.

Dungeon Overview and Level Annotations

Branches:
Dungeon (1/15)

Altars:


Innate Abilities, Weirdness & Mutations

You reflexively headbutt those who attack you in melee.
You have a pair of horns on your head.


Message History

The jackal closely misses you. You furiously retaliate!
You headbutt the jackal.
You kill the jackal!
Unknown command.
You hit the jelly.
Your hands burn!
You headbutt the jelly!
The jelly is heavily wounded.
You block the jelly's attack. The jelly hits you but does no damage.
Unknown command.
You hit the jelly but do no damage. The acid corrodes you!
Your hands burn!
The jelly is heavily wounded.
You block the jelly's attack.
Unknown command.
You slash the jelly! The acid corrodes you!
Your hands burn!
The jelly is almost dead.
The jelly hits you.
You are splashed with acid!
The acid burns!
* * * LOW HITPOINT WARNING * * *
The jelly hits you.
* * * LOW HITPOINT WARNING * * *
You are splashed with acid!
The acid burns!
You die...

#######################.#.#######
........................#.#......
.....##.................#.#.#####
.....'..###############.#.#......
.....#..#.............#.#.#######
.....#(.#......sh.....#.#........
.....#..# ...hss.....#..########
######..#######J#######..........
#..#.......@.....#.#.#######
#..'⌠....###....⌠+.#.#......
#..#......<......#.#.#......
#..#..⌠...>...⌠..#.#.#######
#..###'#######+###.#.# #
######..................#.# #
........................#.# #
######################..#.# #
#..#.# #


You could see a jelly, 2 jackals and 3 giant cockroaches.

Vanquished Creatures
  An ooze (D:1)
  2 bats (D:1)
  4 giant cockroaches (D:1)
  3 goblins (D:1)
  3 hobgoblins (D:1)
  4 jackals (D:1)
  4 kobolds (D:1)
  3 frilled lizards (D:1)
  A rat (D:1)
25 creatures vanquished.

Notes
Turn   | Place    | Note
-------+----------+-------------------------------------------
     0 | D:1      | Hebeh the Minotaur Fighter began the quest for the Orb.
     0 | D:1      | Reached XP level 1. HP: 19/19 MP: 0/0
     1 | D:1      | Found a runed door.
     2 | D:1      | Noticed a jelly
   334 | D:1      | Reached XP level 2. HP: 27/27 MP: 1/1
   981 | D:1      | Reached XP level 3. HP: 25/33 MP: 2/2
   993 | D:1      | Splashed by a jelly's acid

Vault maps used:
D:1:      dpeg_arrival_caged_fury

Skill      XL: |  1  2  3 |
---------------+----------+-----
Axes           | 3 |  3.3
Fighting       | 4 |  4.0
Armour         | 4 |  4.0
Shields        | 4 |  4.0

Action                   || total
-------------------------++-------
Melee: War axe           ||    59
       Headbutt          ||     2
Armor: Scale mail        ||    37
Dodge: Dodged            ||    32
Block: Shield            ||    35

Table legend:
 A = Spawn XP
 B = Non-spawn XP
 C = Spawn XP percentage of total XP
 D = Spawn monster count
 E = Non-spawn monster count
 F = Spawn count percentage of total count
 G = Total turns spent on level
                    A         B        C        D         E        F      G
               +---------+---------+-------+---------+---------+-------+---------
         Total |       0 |      50 |   0.0 |       0 |      25 |   0.0 |   993
               +---------+---------+-------+---------+---------+-------+---------
           D:1 |       0 |      50 |   0.0 |       0 |      25 |   0.0 |   993
               +---------+---------+-------+---------+---------+-------+---------
